 Dungeon Crawl Stone Soup version 0.27-a0-887-gcab673c142 (webtiles) character file.

Game seed: 9495387518433899957

98 Froggeryz the Chopper (level 4, 0/37 HPs)
             Began as a Minotaur Summoner on Apr 4, 2021.
             Slain by a gnoll
             ... wielding a +0 whip
              (1 damage)
             ... on level 2 of the Dungeon.
             The game lasted 00:01:48 (1776 turns).

Froggeryz the Chopper (Minotaur Summoner)           Turns: 1776, Time: 00:01:49

Health: 0/37       AC:  6    Str: 14    XL:     4   Next: 44%
Magic:  5/5        EV: 10    Int: 12    God:
Gold:   57         SH:  5    Dex: 10    Spells: 4/5 levels left

rFire    . . .     SeeInvis .   j - +0 broad axe
rCold    . . .     Faith    .   (no shield)
rNeg     . . .     Spirit   .   f - +0 ring mail
rPois    .         Reflect  +   (helmet restricted)
rElec    .         Harm     .   d - +0 cloak
rCorr    .         Rampage  .   (no gloves)
Will     .....                  (no boots)
Stlth    +.........             e - amulet of reflection
HPRegen  0.12/turn              (no ring)
MPRegen  0.09/turn              (no ring)

@: no status effects
A: horns 2, retaliatory headbutt
a: no special abilities


You were on level 2 of the Dungeon.
You visited 1 branch of the dungeon, and saw 2 of its levels.

You collected 57 gold pieces.

Inventory:

Hand Weapons
 g - a +0 mace
 j - a +0 broad axe (weapon)
Armour
 d - a +0 cloak (worn)
 f - a +0 ring mail (worn)
Jewellery
 e - an amulet of reflection (around neck)
Scrolls
 a - a scroll of enchant weapon {unknown}
 b - 2 scrolls of magic mapping {unknown}
 h - 2 scrolls of identify {unknown}
 m - 2 scrolls of teleportation {unknown}
Potions
 c - a potion of berserk rage
 i - a potion of curing {unknown}
 k - a potion of heal wounds {unknown}
 l - a potion of ambrosia {unknown}


   Skills:
 + Level 2.8 Fighting
 * Level 3.1(3.3) Axes
 - Level 1.1(2.3) Maces & Flails
 - Level 1.3 Armour
 - Level 2.1 Dodging
 - Level 1.5 Stealth
 - Level 1.3 Spellcasting
 - Level 2.9 Summonings


You had 4 spell levels left.
You knew the following spells:

 Your Spells              Type           Power      Damage    Failure   Level
a - Summon Small Mammal   Summ           28%        N/A       19%         1

Your spell library contained the following spells:

 Spells                   Type           Power      Damage    Failure   Level
 Call Imp                 Summ           7%         N/A       26%         2
 Call Canine Familiar     Summ           7%         N/A       47%         3
 Animate Skeleton         Necr           0%         N/A       52%         1
 Apportation              Tloc           0%         N/A       52%         1
 Corona                   Hex            0%         N/A       52%         1
 Summon Guardian Golem    Hex/Summ       4%         N/A       67%         3
 Summon Ice Beast         Ice/Summ       4%         N/A       97%         4
 Summon Lightning Spire   Summ/Air       4%         N/A       97%         4


Dungeon Overview and Level Annotations

Branches:
Dungeon (2/15)

Altars:


Innate Abilities, Weirdness & Mutations

You have a pair of horns on your head.
You reflexively headbutt those who attack you in melee.


Message History

You barely miss the gnoll. You hit the gnoll. The gnoll misses you.
The gnoll hits you but does no damage. You block the gnoll's attack.
The gnoll hits you with a +0 whip.
Your Axes skill increases to level 3!
You are too injured to fight recklessly!
You are too injured to fight recklessly!
You are too injured to fight recklessly!
You are too injured to fight recklessly!
You are too injured to fight recklessly!
You are too injured to fight recklessly!
You are too injured to fight recklessly!
You are too injured to fight recklessly!
You are too injured to fight recklessly!
You are too injured to fight recklessly!
You are too injured to fight recklessly!
You are too injured to fight recklessly!
You are too injured to fight recklessly!
You are too injured to fight recklessly!
You are too injured to fight recklessly!
You are too injured to fight recklessly!
Unknown command.
You slash the gnoll!
You kill the gnoll!
You hit the gnoll. The gnoll hits you with a +0 whip.
The gnoll hits you but does no damage.
You see here a +0 spear.
You barely miss the gnoll.
The gnoll is moderately wounded.
The gnoll hits you with a +0 whip.
* * * LOW HITPOINT WARNING * * *
The gnoll hits you with a +0 whip.
* * * LOW HITPOINT WARNING * * *
You barely miss the gnoll.
The gnoll is moderately wounded.
The gnoll hits you with a +0 whip.
* * * LOW HITPOINT WARNING * * *
You closely miss the gnoll.
The gnoll is moderately wounded.
The gnoll hits you with a +0 whip.
You die...

####### #...... ######
#......
#....########....(.
#....+.............
####....####..........
#.....).####..........
#....@..............##
#....g...##...########
#.....................
#........##........###
#.....>............'..
#........###........#..
#...................#..
#........####.......#..
.####....)..#..


You could see a gnoll.

Vanquished Creatures
  6 gnolls
  An adder (D:1)
  A dart slug (D:2)
  A bat (D:1)
  An endoplasm (D:1)
  A giant cockroach (D:1)
  7 goblins
  4 hobgoblins
  3 quokkas
  A ball python (D:2)
  A frilled lizard (D:1)
  A kobold (D:1)
  3 rats
31 creatures vanquished.

Notes
Turn   | Place    | Note
-------+----------+-------------------------------------------
     0 | D:1      | Froggeryz the Minotaur Summoner began the quest for the
                  | Orb.
     0 | D:1      | Reached XP level 1. HP: 14/14 MP: 1/1
   123 | D:1      | Reached skill level 1 in Fighting
   123 | D:1      | Reached skill level 1 in Armour
   364 | D:1      | Reached XP level 2. HP: 23/23 MP: 3/3
   720 | D:1      | Reached skill level 1 in Maces & Flails
   812 | D:1      | Reached skill level 1 in Axes
   812 | D:1      | Reached XP level 3. HP: 9/29 MP: 4/4
  1071 | D:2      | Reached skill level 2 in Axes
  1339 | D:2      | Reached XP level 4. HP: 27/37 MP: 5/5
  1670 | D:2      | Found a faded altar of an unknown god.
  1772 | D:2      | Reached skill level 3 in Axes
  1775 | D:2      | HP: 1/37 [gnoll/+0 whip (5)]
  1776 | D:2      | Slain by a gnoll

Illustrated notes

Levels and vault maps discovered:
D:1:      minmay_arrival_nine_rooms, layout_basic
D:2:      layout_basic, shapermc_ecumenical_altar_hornbeckon

Skill      XL: |  1  2  3  4 |
---------------+-------------+-----
Fighting       | 1 2 |  2.8
Armour         | 1 |  1.3
Maces & Flails | 1 |  1.1
Axes           | 1 2 3 |  3.1
Dodging        | |  2.1
Stealth        | |  1.5
Spellcasting   | |  1.3
Summonings     | |  2.9

Action                   |  1- 3 |  4- 6 || total
-------------------------+-------+-------++-------
Melee: Unarmed           |    20 |       ||    20
       Headbutt          |     9 |     2 ||    11
       Mace              |    33 |       ||    33
       Broad axe         |    23 |    19 ||    42
 Cast: Summon Small Mamm |     1 |       ||     1
  Use: Potion            |     1 |       ||     1
Armor: Robe              |     2 |       ||     2
       Ring mail         |    24 |     9 ||    33
Dodge: Dodged            |    54 |    12 ||    66
Block: Other             |    18 |     9 ||    27
       Reflection        |     1 |       ||     1

Table legend: (Time is in decaauts)
 A = Elapsed time spent in this place.
 B = Non-inter-level travel time spent in this place.
 C = Inter-level travel time spent in this place.
 D = Time resting spent in this place.
 E = Time spent auto-exploring this place.
 F = Levels seen in this place.
 G = Mean time per level.
                   A        B        C        D        E       F      G
               +--------+--------+--------+--------+--------+-----+--------+
         Total |   1828 |   1811 |     17 |    700 |    818 |   2 |  914.0 |
       Dungeon |   1828 |   1811 |     17 |    700 |    818 |   2 |  914.0 |
               +--------+--------+--------+--------+--------+-----+--------+

Top non-repeatable levels by time:
     D:1: 1315 daAuts
     D:2: 513 daAuts
